 Dungeon Crawl Stone Soup version 0.21-a0-591-g2314aa1 (console) character file.

1458 nht the Martial Artist (level 8, -4/54 HPs)
             Began as a Demonspawn Artificer on Dec 22, 2017.
             Was an Initiate of Wu Jian.
             Slain by a wight
             ... wielding a +3 halberd
              (11 damage)
             ... on level 6 of the Dungeon.
             The game lasted 00:10:36 (5878 turns).

nht the Martial Artist (Demonspawn Artificer)       Turns: 5878, Time: 00:10:37

Health: -4/54      AC:  5    Str: 13    XL:     8   Next: 47%
Magic:  0/10       EV: 12    Int: 14    God:    Wu Jian [......]
Gold:   287        SH:  0    Dex: 14    Spells: 7/7 levels left

rFire    . . .     SeeInvis .     - Unarmed
rCold    . . .     Gourm    +   (no shield)
rNeg     . . .     Faith    .   v - +2 robe {MR+}
rPois    .         Spirit   +   (helmet restricted)
rElec    .         Reflect  .   (no cloak)
rCorr    .         Harm     .   t - +0 pair of gloves
MR       +....                  (no boots)
Stlth    ++........             s - amulet of the gourmand
HPRegen  0.18/turn              (no ring)
MPRegen  0.12/turn              (no ring)

@: drained
A: antennae 1, claws 1, talons 1, nightstalker 1, magic shield
a: Renounce Religion


You were on level 6 of the Dungeon.
You worshipped Wu Jian.
Wu Jian was noncommittal.
You were full.

You visited 1 branch of the dungeon, and saw 6 of its levels.

You collected 287 gold pieces.

Inventory:

Hand Weapons
 a - a +3 hunting sling of velocity
Missiles
 n - 97 stones (quivered)
 u - 4 curare-tipped needles
Armour
 t - a +0 pair of gloves (worn)
 v - a +2 robe of magic resistance (worn)
Jewellery
 c - a cursed ring of loudness {unknown}
 s - an amulet of the gourmand (around neck)
Scrolls
 g - 2 scrolls of teleportation
 h - 5 scrolls of identify
 i - 3 scrolls of remove curse
 j - 2 scrolls of magic mapping
Potions
 b - a potion of magic
 d - a potion of might {unknown}
 k - 3 potions of brilliance
 l - 2 potions of agility
 m - 3 potions of lignification
 p - a potion of flight
 r - 2 potions of curing
Comestibles
 f - 6 rations


   Skills:
 - Level 1.0(0.4) Fighting
   Level 2.0(1.3) Short Blades
 - Level 1.7(1.1) Dodging
 - Level 0.8(0.2) Stealth
 + Level 9.4(8.6) Unarmed Combat
   Level 3.0(2.3) Evocations


You had 7 spell levels left.
You didn't know any spells.

Dungeon Overview and Level Annotations

Branches:
Dungeon (6/15)
 Temple: D:4-7

Altars:
Ashenzari
Cheibriados
Kikubaaqudgha
Makhleb
Qazlal
Ru
Sif Muna
Trog
Vehumet
Wu Jian
The Shining One


Innate Abilities, Weirdness & Mutations

You have a pair of small antennae on your head.
You have sharp fingernails.
You have sharp toenails.
You are slightly more attuned to the shadows.
When hurt, damage is shared between your health and your magic reserves.


Message History

The wight hits you with an enchanted halberd!
Found a stone staircase leading up.
You hit the wight.
The wight is lightly damaged.
The hound stops to sniff the ground.
The hound misses you.
You closely miss the wight.
The wight is lightly damaged.
The wight hits you with an enchanted halberd!
You feel drained. The hound completely misses you.
The wight hits you with an enchanted halberd!
* * * LOW HITPOINT WARNING * * *
The wight hits you from afar with an enchanted halberd.
* * * LOW HITPOINT WARNING * * *
The hound bites you but does no damage.
You found a teleport trap!
Found a twisted flail.
The hound closely misses you.
The wight hits you from afar with an enchanted halberd!
You die...

█.........█.█.██.█ ██
█.........█.█.....
...█.........█.████)█
........÷....█.......
█...>.......██████.█
██.██<.........█....
██..██.......... )..██
██.█...... ██..^██
.█.████. █. █..█>.██
<█. █.
█..██@███..█.... █.
█...h.█.....█ █ █.
█.(...zz██..████.███.
█.^....z.............
█.......██████...██..
█........███ ██.....
██.....!...████......
██..........†....█..█.
█[.............█......
█..........█.....)....
█.....?............█..


You could see a hound and 3 wights.

Vanquished Creatures
  Sigmund (D:4)
  Eustachio (D:4)
  Edmund (D:4)
  An ice beast (D:6)
  2 ogres (D:5)
  2 scorpions
  A water moccasin skeleton (D:4)
  A crimson imp (D:6)
  An orc priest (D:6)
  A bullfrog skeleton (D:5)
  An iguana (D:4)
  3 orc wizards
  8 worker ants
  A hound zombie (D:6)
  A howler monkey skeleton (D:4)
  14 adders
  A river rat (D:3)
  An ooze (D:1)
  An adder zombie (D:5)
  A worm (D:2)
  7 leopard geckos
  9 orcs
  4 ball pythons
  9 bats
  2 giant cockroaches (D:3)
  5 goblins
  4 hobgoblins
  5 jackals
  4 quokkas
  3 frilled lizards
  7 kobolds
  6 rats
109 creatures vanquished.

Vanquished Creatures (collateral kills)
  An orc (D:6)
1 creature vanquished.

Vanquished Creatures (others)
  An iguana (D:6)
  An orc wizard (D:6)
  A river rat (D:3)
3 creatures vanquished.

Grand Total: 113 creatures vanquished

Notes
Turn   | Place    | Note
-------+----------+-------------------------------------------
     0 | D:1      | nht the Demonspawn Artificer began the quest for the Orb.
     0 | D:1      | Reached XP level 1. HP: 15/15 MP: 3/3
    19 | D:1      | Reached skill level 1 in Short Blades
   173 | D:1      | Gained mutation: You have sharp toenails. [demonic ancestry]
   173 | D:1      | Reached XP level 2. HP: 12/21 MP: 4/4
   432 | D:1      | Reached skill level 1 in Unarmed Combat
   866 | D:2      | Gained mutation: You have a pair of small antennae on your head. [demonic ancestry]
   866 | D:2      | Reached XP level 3. HP: 26/26 MP: 5/5
   964 | D:2      | Reached skill level 2 in Unarmed Combat
  1154 | D:2      | Found an ancient bone altar of Kikubaaqudgha.
  1482 | D:3      | Gained mutation: You are slightly more attuned to the shadows. [demonic ancestry]
  1482 | D:3      | Reached XP level 4. HP: 32/32 MP: 6/6
  1562 | D:3      | Reached skill level 3 in Unarmed Combat
  1798 | D:4      | Gained mutation: You have sharp fingernails. [demonic ancestry]
  1798 | D:4      | Reached XP level 5. HP: 17/37 MP: 7/7
  1815 | D:4      | Reached skill level 4 in Unarmed Combat
  2025 | D:4      | Noticed Eustachio
  2033 | D:4      | Killed Eustachio
  2033 | D:4      | Reached skill level 5 in Unarmed Combat
  2033 | D:4      | Reached XP level 6. HP: 9/43 MP: 8/8
  2054 | D:4      | Found a stormy altar of Qazlal.
  2055 | D:4      | Noticed a water elemental
  2055 | D:4      | Noticed an air elemental
  2057 | D:4      | Noticed a fire elemental
  2309 | D:4      | Found a glowing golden altar of the Shining One.
  2430 | D:4      | Noticed Edmund
  2475 | D:4      | Killed Edmund
  2475 | D:4      | Reached skill level 6 in Unarmed Combat
  3296 | D:3      | Gained mutation: When hurt, damage is shared between your health and your magic reserves. [demonic ancestry]
  3296 | D:3      | Reached XP level 7. HP: 48/48 MP: 9/9
  3687 | D:4      | Noticed Sigmund
  3695 | D:4      | Killed Sigmund
  3695 | D:4      | Reached skill level 7 in Unarmed Combat
  3973 | D:4      | Found a shattered altar of Ashenzari.
  3976 | D:4      | Found a bloodstained altar of Trog.
  3976 | D:4      | Found a deep blue altar of Sif Muna.
  3998 | D:5      | Entered Level 5 of the Dungeon
  4029 | D:4      | Found a snail-covered altar of Cheibriados.
  4029 | D:4      | Found a radiant altar of Vehumet.
  4054 | D:5      | Found a burning altar of Makhleb.
  4227 | D:5      | Reached skill level 8 in Unarmed Combat
  4699 | D:5      | Reached XP level 8. HP: 54/54 MP: 10/10
  4869 | D:5      | WHAT THE FUCK IS GOING ON
  5225 | D:5      | Found an ornate altar of the Wu Jian Council.
  5388 | D:5      | Became a worshipper of the Wu Jian Council
  5658 | D:6      | Found a sacrificial altar of Ru.
  5711 | D:6      | Reached skill level 9 in Unarmed Combat
  5878 | D:6      | Slain by a wight

Vault maps used:
D:1:      dpeg_arrival_oval, serial_glass, glass_columns_a, glass_columns_c,
          minmay_strange_pillars, feat_on_display
D:2:      lemuel_coloured_pillars_altar
D:3:      portal_sewer_entry_a, first_ration
D:4:      nicolae_qazlal_style_of_elements, nicolae_tso_carved_into_rock,
          nicolae_overflow_hidden_temple, uniq_edmund, uniq_eustachio,
          uniq_sigmund
D:5:      old_standard_altar, basic_altar
D:6:      nicolae_ru_sacrificial_ziggurat

Skill      XL: |  1  2  3  4  5  6  7  8 |
---------------+-------------------------+-----
Short Blades   | 1 2 |  2.0
Unarmed Combat | 1 2 3 5 6 8 9 |  9.4
Fighting       | |  1.0
Dodging        | |  1.7
Stealth        | |  0.8
Evocations     | |  3.0

Action                   |  1- 3 |  4- 6 |  7- 9 || total
-------------------------+-------+-------+-------++-------
Melee: Short sword       |    24 |       |       ||    24
       Kick              |     1 |       |    12 ||    13
       Unarmed           |       |       |    53 ||    53
       Punch             |       |       |     3 ||     3
 Fire: Hunting sling     |    65 |   154 |   125 ||   344
Invok: Lunge             |       |       |     7 ||     7
Evoke: Wand              |    11 |    17 |    17 ||    45
  Use: Scroll            |     8 |     2 |     3 ||    13
       Potion            |       |     2 |     8 ||    10
 Stab: Paralysed         |     1 |       |     3 ||     4
       Sleeping          |     1 |       |     2 ||     3
       Distracted        |       |       |     1 ||     1
  Eat: Chunk             |     2 |     5 |    18 ||    25
       Ration            |       |       |     1 ||     1
Armor: Leather armour    |    18 |    10 |    15 ||    43
       Skin              |       |    22 |       ||    22
       Robe              |       |       |    12 ||    12
Dodge: Dodged            |    41 |    32 |    88 ||   161

Table legend:
 A = Spawn XP
 B = Non-spawn XP
 C = Spawn XP percentage of total XP
 D = Spawn monster count
 E = Non-spawn monster count
 F = Spawn count percentage of total count
 G = Total turns spent on level
                    A         B        C        D         E        F      G
               +---------+---------+-------+---------+---------+-------+---------
         Total |       0 |    2084 |   0.0 |       0 |     111 |   0.0 |  5878
               +---------+---------+-------+---------+---------+-------+---------
           D:1 |       0 |      26 |   0.0 |       0 |      11 |   0.0 |   728
           D:2 |       0 |      66 |   0.0 |       0 |      23 |   0.0 |   745
           D:3 |       0 |     127 |   0.0 |       0 |      27 |   0.0 |   955
           D:4 |       0 |     796 |   0.0 |       0 |      12 |   0.0 |  1605
           D:5 |       0 |     695 |   0.0 |       0 |      23 |   0.0 |  1608
           D:6 |       0 |     374 |   0.0 |       0 |      15 |   0.0 |   237
               +---------+---------+-------+---------+---------+-------+---------
